 Dungeon Crawl Stone Soup version 0.29.1-1-gd02db6906a (webtiles) character file.

Game seed: 1058202371761609199

5 RascalDebosk the Magician (level 1, -1/18 HPs)
             Began as a Djinni Warper on Oct 10, 2022.
             Slain by a hobgoblin (2 damage)
             ... on level 1 of the Dungeon.
             The game lasted 00:01:33 (174 turns).

RascalDebosk the Magician (Djinni Warper)            Turns: 174, Time: 00:01:33

Health: -1/18      AC:  3    Str: 10    XL:     1   Next: 88%
Gold:   12         EV: 11    Int: 14    God:
                   SH:  0    Dex: 12

rFire   + + .      SeeInvis .   a - +0 falchion
rCold   x . .      Faith    .   (no shield)
rNeg    . . .      Spirit   .   b - +0 leather armour
rPois   ∞          Reflect  .   (no helmet)
rElec   .          Harm     .   (no cloak)
rCorr   .          Rampage  .   (no gloves)
Will    .....                   (boots unavailable)
Stlth   +.........              (no amulet)
HPRegen 0.06/turn               (no ring)
MPRegen 0.00/turn               (no ring)

@: flying
A: sickness immunity, fire resistance 2, cold vulnerability 1, float, innate
caster, HP casting, extra vitality 1
a: no special abilities


You were on level 1 of the Dungeon.
You visited 1 branch of the dungeon, and saw 1 of its levels.

You collected 12 gold pieces.

Inventory:

Hand Weapons
 a - a +0 falchion (weapon)
Missiles
 d - 7 boomerangs of dispersal (quivered)
Armour
 b - a +0 leather armour (worn)
Scrolls
 c - a scroll of enchant armour {unknown}
 g - a scroll of blinking
 h - a scroll of identify {unknown}
Potions
 e - a potion of haste {unknown}
 f - a potion of berserk rage {unknown}


   Skills:
 + Level 2.1 Fighting
 + Level 1.9 Long Blades
 - Level 0.7 Throwing
 + Level 1.1 Armour
 + Level 2.3 Dodging
 + Level 2.4 Spellcasting


You couldn't memorise any spells.
You knew the following spells:

 Your Spells              Type           Power      Damage    Failure   Level
a - Blink                 Tloc           16%        N/A       17%         2
b - Lesser Beckoning      Tloc           8%         N/A       32%         3
c - Gell's Gravitas       Tloc           8%         N/A       32%         3
d - Teleport Other        Tloc           8%         N/A       32%         3
e - Manifold Assault      Tloc           8%         N/A       97%         5
Your spell library was empty.

Dungeon Overview and Level Annotations

Branches:
Dungeon (1/15)

Altars:

Annotations:
D:1 1 transporter


Innate Abilities, Weirdness & Mutations

You are immune to sickness and miasma.
You are immune to poison.
Your flesh is very heat resistant. (rF++)
You are vulnerable to cold. (rC-)
You float through the air rather than walking.
You learn spells naturally, not from books.
Your magical power is your life essence.
You have superior vitality. (+4 MHP)


Message History

The bat hits you but does no damage. The bat hits you.
A frilled lizard comes into view.
The bat hits you but does no damage.
You closely miss the bat.
The frilled lizard hisses angrily.
The bat closely misses you. The bat hits you. The bat completely misses you.
The bat barely misses you. The bat misses you.
You hit the bat.
The bat is heavily wounded.
The bat hits you but does no damage. The bat hits you.
The bat barely misses you. The bat barely misses you. x2
You miss the bat.
The bat is moderately wounded.
The bat hits you. The bat closely misses you.
You hit the bat.
You kill the bat!
The frilled lizard bites you.
You closely miss the frilled lizard.
The frilled lizard bites you but does no damage. x2
You slash the frilled lizard!
You kill the frilled lizard!
You start resting.
HP restored.
h - a scroll labelled MESUGU FAJEA A hobgoblin comes into view.
The hobgoblin shouts!
A rat comes into view.
The hobgoblin barely misses you.
You hit the hobgoblin.
The hobgoblin is heavily wounded.
A ball python comes into view.
The hobgoblin hits you but does no damage.
You hit the hobgoblin.
You kill the hobgoblin!
You see here 4 gold pieces.
You barely miss the rat. The rat bites you.
You closely miss the rat. The rat closely misses you.
The ball python barely misses you. The ball python misses you.
The rat bites you but does no damage.
You closely miss the rat. The ball python bites you.
The ball python closely misses you. The rat bites you but does no damage.
You barely miss the rat.
The ball python bites you but does no damage.
The ball python barely misses you. The rat closely misses you.
The ball python bites you but does no damage.
The ball python barely misses you.
You closely miss the rat. The rat closely misses you.
The ball python bites you but does no damage.
The ball python barely misses you.
You slash the rat!
You kill the rat!
The ball python bites you but does no damage.
The ball python misses you.
Found a club.
The ball python closely misses you. The ball python completely misses you.
The ball python bites you but does no damage.
The ball python grabs you. The ball python constricts you.
You escape the ball python's grasp.
Found a scroll labelled QETAUQ KEHUUG.
A hobgoblin comes into view.
You barely miss the ball python.
The hobgoblin shouts!
The ball python misses you. The ball python grabs you.
The ball python constricts you. The ball python closely misses you.
The ball python constricts you.
You closely miss the ball python.
The ball python bites you but does no damage.
The ball python constricts you.
You hit the ball python.
The ball python is moderately wounded.
The ball python bites you but does no damage.
The ball python constricts you. The ball python completely misses you.
The ball python constricts you.
You hit the ball python but do no damage.
The ball python is moderately wounded.
The ball python bites you.
* * * LOW HITPOINT WARNING * * *
The ball python constricts you.
* * * LOW HITPOINT WARNING * * *
You closely miss the ball python.
The ball python is moderately wounded.
The ball python bites you.
* * * LOW HITPOINT WARNING * * *
The ball python constricts you. The ball python closely misses you.
The ball python constricts you.
You closely miss the ball python.
The ball python is moderately wounded.
The hobgoblin hits you but does no damage.
The ball python bites you but does no damage.
The ball python constricts you. The hobgoblin hits you.
* * * LOW HITPOINT WARNING * * *
You hit the ball python.
You kill the ball python!
The hobgoblin hits you.
You die...

#. .# #.## ### .# #...
... .# #..# #.# .# #..#
## #.#####.#### #..#
#.###..........
##..####.#.....g.####.#
#...........$..@.......
#...#####...##.........
#...# #.#............?
#...#####........##.#.#
#.............#.## )..
#.#.#####.......# ..
#...# #...#.#.# . #..##
#.......#
##..######...##.## .#


You could see a hobgoblin.

Vanquished Creatures
  2 ball pythons (D:1)
  A bat (D:1)
  A hobgoblin (D:1)
  A frilled lizard (D:1)
  A rat (D:1)
6 creatures vanquished.

Notes
Turn   | Place    | Note
-------+----------+-------------------------------------------
     0 | D:1      | RascalDebosk the Djinni Warper began the quest for the Orb.
     0 | D:1      | RascalDebosk set off with the following spells memorised:
                  | Blink, Lesser Beckoning, Gell's Gravitas, Teleport Other,
                  | Manifold Assault.
     0 | D:1      | Reached XP level 1. HP: 18/18 MP: 0/0
   174 | D:1      | Slain by a hobgoblin

Illustrated notes

Levels and vault maps discovered:
D:1:      spicycebolla_arrival_risky_transporter, layout_loops_ring,
          feat_on_display

Action                   || total
-------------------------++-------
Melee: Falchion          ||    26
Armor: Leather armour    ||    22
Dodge: Dodged            ||    32
